 Dungeon Crawl Stone Soup version 0.26.1-10-gdfb7c7de75 (webtiles) character file.

Game seed: 17150529269205368485

3836 Doot the Transmogrifier (level 10, -1/60 HPs)
             Began as an Octopode Transmuter on Apr 8, 2021.
             Was a Believer of Sif Muna.
             Slain by a fire bat (4 damage)
             ... on level 8 of the Dungeon.
             The game lasted 00:18:58 (10606 turns).

Doot the Transmogrifier (Octopode Transmuter)      Turns: 10606, Time: 00:18:58

Health: -1/60      AC:  1    Str: 13    XL:     10   Next: 18%
Magic:  9/16       EV: 14    Int: 11    God:    Sif Muna [**....]
Gold:   454        SH:  0    Dex: 13    Spells: 6/17 levels left

rFire    . . .     SeeInvis +     - Unarmed
rCold    . . .     Faith    .   (shield currently unavailable)
rNeg     . . .     Spirit   .   (helmet restricted)
rPois    +         Reflect  .   (no amulet)
rElec    .         Harm     .   j - ring of see invisible
rCorr    .         Rampage  .   u - ring of poison resistance
Will     .....                  w - -4 ring of intelligence (curse)
Stlth    +++.......             (no ring)
HPRegen  0.20/turn              (no ring)
MPRegen  0.15/turn              (no ring)
                                (no ring)
                                (no ring)

@: blade tentacles, wereblooded
A: almost no armour, stealthy swim, amphibious, 8 rings, constrict 8, camouflage
1, gelatinous body 1
a: End Transformation, Renounce Religion, Channel Magic


You were on level 8 of the Dungeon.
You worshipped Sif Muna.
Sif Muna was pleased with you.
You had blades for tentacles.
You visited 2 branches of the dungeon, and saw 9 of its levels.

You collected 454 gold pieces.

Inventory:

Hand Weapons
 r - the +5 short sword of Imminent Death (melded) {vorpal, Fragile rF++}
   (You found it on level 6 of the Dungeon)

   It inflicts extra damage upon your enemies.
   It greatly protects you from fire.
   It will be destroyed if unequipped.
Jewellery
 g - an uncursed ring of ice
 j - a ring of see invisible (left scythe-like blade)
 u - a ring of poison resistance (right scythe-like blade)
 w - a cursed -4 ring of intelligence (on tentacle)
Wands
 n - a wand of iceblast (5)
Scrolls
 a - 2 scrolls of enchant armour
 b - 3 scrolls of identify
 c - 8 scrolls of remove curse
 e - 3 scrolls of magic mapping
 h - 3 scrolls of noise
 i - a scroll of teleportation {unknown}
 k - 3 scrolls of enchant weapon {unknown}
 t - a scroll of fog {unknown}
 v - 2 scrolls of amnesia {unknown}
 x - a scroll of immolation {unknown}
Potions
 d - 3 potions of mutation {unknown}
 f - a potion of curing
 l - a potion of might {unknown}
 m - 2 potions of flight
 o - a potion of haste {unknown}
 p - 3 potions of magic {unknown}
 q - a potion of resistance {unknown}
 s - 2 potions of brilliance
 z - 2 potions of cancellation {unknown}


   Skills:
 + Level 1.8 Fighting
 + Level 3.1 Dodging
 + Level 3.4 Stealth
 + Level 7.3 Unarmed Combat
 + Level 4.2 Spellcasting
 + Level 11.2 Transmutations
 + Level 1.5 Poison Magic


You had 6 spell levels left.
You knew the following spells:

 Your Spells              Type           Power        Failure   Level
a - Beastly Appendage     Tmut           54%          9%          1
b - Wereblood             Tmut           27%          11%         2
c - Spider Form           Tmut/Pois      8%           32%         3
d - Blade Hands           Tmut           13%          36%         5

Your spell library contained the following spells:

 Spells                   Type           Power        Failure   Level
 Ice Form                 Ice/Tmut       14%          65%         4
 Petrify                  Tmut/Erth      14%          65%         4
 Animate Skeleton         Necr           4%           67%         1
 Apportation              Tloc           4%           67%         1
 Corona                   Hex            2%           67%         1
 Foxfire                  Conj/Fire      8%           67%         1
 Summon Small Mammal      Summ           8%           67%         1
 Yara's Violent Unravell  Hex/Tmut       7%           89%         5
 Confusing Touch          Hex            2%           90%         3
 Gell's Gravitas          Tloc           1%           90%         3
 Fireball                 Conj/Fire      1%           100%        5
 Metabolic Englaciation   Hex/Ice        1%           100%        5


Dungeon Overview and Level Annotations

Branches:
Dungeon (8/15)             Temple (1/1) D:4
   Lair: D:8-11

Altars:
Ashenzari
Cheibriados
Dithmenos
Elyvilon
Fedhas
Gozag
Hepliaklqana
Kikubaaqudgha
Makhleb
Nemelex Xobeh
Okawaru
Qazlal
Ru
Sif Muna
Trog
Uskayaw
Vehumet
Wu Jian
Xom
Yredelemnul
Zin
The Shining One


Innate Abilities, Weirdness & Mutations

You cannot wear most types of armour.
You are very stealthy in the water. (Stealth+)
You are amphibious.
You can wear up to eight rings at the same time.
You can use your tentacles to constrict eight enemies at once.
Your skin changes colour to match your surroundings (Stealth+).
Your rubbery body absorbs attacks. (AC +1, EV +1)


Message History

The fire bat is frozen!
The fire bat is moderately wounded.
The hell hound barks!
You hear an angry hiss.
The fire bat closely misses you. The fire bat misses you.
Unknown command.
You slash the hell hound! Your grab misses the hell hound.
The hell hound is heavily wounded.
The fire bat bites you.
* * * LOW HITPOINT WARNING * * *
You are engulfed in flames!
* * * LOW HITPOINT WARNING * * *
The hell hound bites you.
* * * LOW HITPOINT WARNING * * *
Unknown command.
Unknown command.
You hit the hell hound. You grab the hell hound.
The hell hound is severely wounded.
You constrict the hell hound. The fire bat closely misses you.
The fire bat bites you.
You die...

)#.§≈. .§.≈. ## .≈≈. ##.# ≈≈.
#..# .. ... ####..# b## #.# #.#
#.....# ###'# #.# #.# #.##.##
#...### #.# #.# ..#.#.##
#..bh@###.###### #.#
.#.###.#####..##b#........# #.#
..## ##....#..##b#.#.####.###.#
...###.#....................#.###
....#..............#.####.#......
..[.[.........##.###.####.###.###
..#..##..........(.....##.# #.#
.##...#.......########.##.# #.#
.##.#.#.........# #.##.# #.#


You could see a hell hound and 3 fire bats.

Vanquished Creatures
  A centaur zombie (D:7)
  Psyche (D:8)
  Maggie (D:6)
  Eustachio (D:6)
  A fire bat (D:8)
  An orc warrior (D:6)
  3 sky beasts
  A necrophage (D:7)
  3 ogres
  3 phantoms
  3 centaurs (D:5)
  2 bullfrogs
  A wyvern zombie (D:8)
  3 scorpions
  A howler monkey (D:7)
  A quasit (D:7)
  4 hounds
  2 bullfrog skeletons
  2 orc priests (D:3)
  2 centaur skeletons
  2 jellies
  Terence (D:2)
  5 iguanas
  2 orc wizards
  6 worker ants
  2 hound skeletons (D:8)
  12 adders
  4 white imps
  An ufetubus (D:5)
  2 oozes
  2 adder zombies
  2 adder skeletons
  A worm (D:2)
  2 dart slugs (D:1)
  A leopard gecko (D:1)
  25 orcs
  3 ball pythons
  6 bats
  4 giant cockroaches
  10 goblins
  7 hobgoblins
  13 jackals
  5 quokkas
  3 frilled lizards
  A jackal skeleton (D:7)
  7 kobolds
  A leopard gecko skeleton (D:4)
  A leopard gecko zombie (D:6)
  A quokka zombie (D:5)
  6 rats
175 creatures vanquished.

Vanquished Creatures (others)
  7 fungi (D:5)
7 creatures vanquished.

Grand Total: 182 creatures vanquished

Notes
Turn   | Place    | Note
-------+----------+-------------------------------------------
     0 | D:1      | Doot the Octopode Transmuter began the quest for the Orb.
     0 | D:1      | Reached XP level 1. HP: 13/13 MP: 3/3
    72 | D:1      | Reached XP level 2. HP: 16/18 MP: 3/5
    87 | D:1      | Learned a level 2 spell: Wereblood
   611 | D:1      | Reached XP level 3. HP: 17/23 MP: 4/6
   706 | D:1      | Learned a level 3 spell: Spider Form
  1086 | D:2      | Noticed Terence
  1129 | D:2      | Killed Terence
  1130 | D:2      | Reached skill level 1 in Stealth
  1130 | D:2      | Reached XP level 4. HP: 28/28 MP: 4/7
  1306 | D:2      | Found a shimmering altar of Xom.
  1312 | D:2      | Noticed an angel
  1317 | D:2      | Found a glowing silver altar of Zin.
  2075 | D:3      | Found a stormy altar of Qazlal.
  2076 | D:3      | Noticed an earth elemental
  2077 | D:3      | Noticed a fire elemental
  2077 | D:3      | Noticed a water elemental
  2077 | D:3      | Noticed an air elemental
  2124 | D:3      | Reached skill level 3 in Transmutations
  2124 | D:3      | Reached XP level 5. HP: 4/33 MP: 3/8
  3593 | D:3      | Reached XP level 6. HP: 24/38 MP: 6/10
  3749 | D:4      | Reached skill level 5 in Unarmed Combat
  3832 | D:4      | Noticed a phantom
  3861 | D:4      | Killed a phantom
  3862 | D:4      | Reached skill level 4 in Transmutations
  3862 | D:4      | Reached XP level 7. HP: 24/44 MP: 7/11
  4690 | D:4      | Reached skill level 1 in Poison Magic
  4744 | D:4      | Found a staircase to the Ecumenical Temple.
  4775 | Temple   | Entered the Ecumenical Temple
  5124 | D:5      | Entered Level 5 of the Dungeon
  5186 | D:5      | Found an opulent altar of Gozag.
  5186 | D:5      | Found a snail-covered altar of Cheibriados.
  5328 | D:5      | Found a shimmering blue altar of Sif Muna.
  5336 | D:5      | Became a worshipper of Sif Muna the Loreminder
  5483 | D:5      | Reached XP level 8. HP: 30/50 MP: 5/13
  5677 | D:5      | Identified the Catalogue of Attacks
  5780 | D:5      | Reached skill level 5 in Transmutations
  6435 | D:6      | Found an iron altar of Okawaru.
  6495 | D:6      | Got an ancient short sword
  6495 | D:6      | Identified the +5 short sword of Imminent Death {vorpal,
                  | Fragile rF++} (You found it on level 6 of the Dungeon)
  6504 | D:6      | Learned a level 5 spell: Blade Hands
  6572 | D:6      | Noticed Maggie
  6591 | D:6      | Killed Maggie
  6592 | D:6      | Reached skill level 6 in Transmutations
  6701 | D:5      | Reached skill level 7 in Transmutations
  6701 | D:5      | Reached XP level 9. HP: 31/54 MP: 11/14
  7162 | D:6      | Reached * piety under Sif Muna
  7163 | D:6      | Reached skill level 8 in Transmutations
  7278 | D:6      | Noticed Eustachio
  7300 | D:6      | Killed Eustachio
  7654 | D:6      | Reached skill level 9 in Transmutations
  8561 | D:7      | Found a blossoming altar of Fedhas.
  8799 | D:7      | Found an ornate altar of the Wu Jian Council.
  9205 | D:7      | Reached skill level 10 in Transmutations
  9324 | D:7      | Reached XP level 10. HP: 41/60 MP: 6/15
  9922 | D:8      | Reached ** piety under Sif Muna
 10331 | D:8      | Noticed Psyche
 10340 | D:8      | Killed Psyche
 10341 | D:8      | Reached skill level 11 in Transmutations
 10605 | D:8      | HP: 3/60 [hell hound (4)]
 10606 | D:8      | Slain by a fire bat

Illustrated notes

Levels and vault maps discovered:
D:1:      saegor_arrival_simple_b, layout_loops_cross, chequers_decorated_corner
D:2:      layout_basic, grunt_temple_overflow_order_and_chaos_1, uniq_terence
D:3:      layout_loops_cross, nicolae_qazlal_style_of_elements,
          minmay_statues_item, palyth_stone_intersect,
          chequers_serial_rivers_large_b
D:4:      layout_basic, minmay_temple_entry_glass, serial_corexii_hall,
          corexii_hall_statues_i, chequers_hall_statues_y
D:5:      kennysheep_windowed_halls, layout_rooms,
          gammafunk_temple_overflow_wave, lemuel_coloured_pillars_altar,
          serial_aquarium, aquarium_bridge_square [aquarium_subvault_wall,
          aquarium_subvault_bridge, aquarium_subvault_window,
          aquarium_subvault_window], aquarium_window_fake, aquarium_window_1,
          aquarium_window_3, aquarium_view_2b, aquarium_view_2e, aquarium_pool_2
D:6:      layout_basic, okawaru_ov_weapons_minmay, uniq_maggie, uniq_eustachio
D:7:      layout_loops_cross, nzn_wu_jian_council_hall, fedhas_ov_isle_minmay
D:8:      layout_loops_ring, hangedman_incinerator, uniq_psyche
Temple:   dshaligram_water_room_temple

Skill      XL: |  1  2  3  4  5  6  7  8  9 10 |
---------------+-------------------------------+-----
Stealth        | 1 2 3 |  3.4
Unarmed Combat | 4 5 6 7 |  7.3
Transmutations | 3 4 7 10 11 | 11.2
Spellcasting   | 3 4 |  4.2
Poison Magic   | 1 |  1.5
Dodging        | 3 |  3.1
Fighting       | |  1.8

Action                   |  1- 3 |  4- 6 |  7- 9 | 10-12 || total
-------------------------+-------+-------+-------+-------++-------
Melee: Unarmed           |    52 |   114 |   268 |    27 ||   461
       Constrict         |    15 |    26 |    10 |     6 ||    57
       Kick              |     6 |    24 |    15 |       ||    45
       Tentacles         |     3 |    14 |    12 |     3 ||    32
       Punch             |       |     1 |     3 |     1 ||     5
       Short sword       |       |       |    10 |     6 ||    16
 Cast: Beastly Appendage |    14 |    14 |    13 |       ||    41
       Spider Form       |     1 |     7 |    31 |       ||    39
       Wereblood         |       |     6 |    11 |     2 ||    19
       Blade Hands       |       |       |     3 |    10 ||    13
Evoke: Wand              |       |       |     2 |     1 ||     3
  Use: Potion            |       |     5 |       |       ||     5
       Scroll            |       |       |     4 |       ||     4
 Stab: Sleeping          |     3 |     3 |     8 |     1 ||    15
Armor: Skin              |     2 |    39 |     5 |       ||    46
Dodge: Dodged            |    31 |   114 |   226 |    23 ||   394
